 Dungeon Crawl Stone Soup version 0.29.1-13-g9f3cf754e1 (webtiles) character file.

Game seed: 12843087123513520615

26170 bjubeck the Carver (level 12, -9/112 HPs)
             Began as a Minotaur Berserker on Feb 7, 2023.
             Was a High Priest of Trog.
             Succumbed to Nessos's poison
             ... on level 4 of the Lair of Beasts on Feb 8, 2023.
             The game lasted 00:54:49 (14345 turns).

bjubeck the Carver (Minotaur Berserker)            Turns: 14345, Time: 00:54:49

Health: -9/112     AC: 20    Str: 26    XL:     12   Next: 96%
Magic:  20/20      EV: 12    Int: 11    God:    Trog [*****.]
Gold:   1351       SH:  6    Dex: 11    Spells: 11/11 levels left

rFire   + + .      SeeInvis .   T - +9 scimitar of the Hierophant {venom, Will++ MP+9 Int+7}
rCold   . . .      Faith    .   Y - +0 buckler
rNeg    . . .      Spirit   .   M - +2 plate armour {rF+}
rPois   .          Reflect  .   G - +2 hat of Pathos {Stlth+}
rElec   .          Harm     .   (no cloak)
rCorr   .          Rampage  .   v - +0 pair of gloves
Will    ++...                   (no boots)
Stlth   ..........              O - amulet of regeneration
HPRegen 1.08/turn               k - ring of protection from fire
MPRegen 0.17/turn               c - +4 ring of evasion

@: lethally poisoned (-9 -> -60), hasted and slowed
A: horns 2, retaliatory headbutt
a: Renounce Religion, Berserk, Trog's Hand, Brothers in Arms


You were on level 4 of the Lair of Beasts.
You worshipped Trog.
Trog was extremely pleased with you.
You visited 2 branches of the dungeon, and saw 17 of its levels.
You also visited: Sewer, Ossuary and Volcano.

You collected 1351 gold pieces.

Inventory:

Hand Weapons
 I - a +2 longbow of flaming
 R - a +4 scimitar of flaming
 S - the +3 falchion of Dissatisfaction {holy, rN+ Str+2}
   (You found it on level 9 of the Dungeon)

   It has been blessed by the Shining One to cause great damage to the undead
   and demons.
   Str:       It affects your strength (+2).
   rN:        It protects you from negative energy.
 T - the +9 scimitar of the Hierophant (weapon) {venom, Will++ MP+9 Int+7}
   (You found it on level 9 of the Dungeon)

   It poisons the flesh of those it strikes.
   Int:       It affects your intelligence (+7).
   MP:        It affects your magic capacity (+9).
   Will:      It greatly increases your willpower.
 U - the +8 scimitar of Nightmares {vorpal, *Noise rN+ Stlth+}
   (Trog gifted it to you on level 4 of the Lair of Beasts)

   It inflicts extra damage upon your enemies.
   rN:        It protects you from negative energy.
   *Noise:    It may make noises in combat.
   Stlth:     It makes you more stealthy.
Missiles
 a - 2 boomerangs
 z - 8 curare-tipped darts
 P - 18 poisoned darts (quivered)
Armour
 e - a +2 cloak
 v - a +0 pair of gloves (worn)
 B - a +3 chain mail of fire resistance
 G - the +2 hat of Pathos (worn) {Stlth+}
   (You found it in a volcano)

   Stlth:     It makes you more stealthy.
 M - a +2 plate armour of fire resistance (worn)
 Q - a scarf of repulsion
 Y - a +0 buckler (worn)
Jewellery
 c - a +4 ring of evasion (right hand)
 k - a ring of protection from fire (left hand)
 O - an amulet of regeneration (around neck)
 W - a +4 ring of protection
Wands
 r - a wand of roots (13)
 y - a wand of mindburst (3)
 C - a wand of polymorph (9)
 K - a wand of flame (45)
 V - a wand of charming (13)
 Z - a wand of quicksilver (8)
Scrolls
 b - a scroll of summoning {unknown}
 d - 3 scrolls of enchant armour {unknown}
 g - 5 scrolls of noise {unknown}
 h - 2 scrolls of fear {unknown}
 l - 2 scrolls of amnesia {unknown}
 m - 7 scrolls of magic mapping {unknown}
 n - 4 scrolls of blinking {unknown}
 p - 4 scrolls of identify
 s - 4 scrolls of vulnerability {unknown}
 t - 2 scrolls of torment {unknown}
 u - 5 scrolls of poison {unknown}
 w - 7 scrolls of teleportation {unknown}
 D - 3 scrolls of enchant weapon {unknown}
 E - 3 scrolls of fog {unknown}
 H - 2 scrolls of immolation {unknown}
 J - a scroll of silence {unknown}
Potions
 f - a potion of magic {unknown}
 i - 2 potions of haste
 j - 3 potions of flight
 o - 6 potions of might
 q - 4 potions of heal wounds
 x - 4 potions of cancellation
 A - 4 potions of curing
 F - 3 potions of resistance
 L - 3 potions of invisibility
 N - a potion of ambrosia


   Skills:
 + Level 12.1 Fighting
 - Level 14.0 Long Blades
 - Level 11.9 Axes
 - Level 11.5 Armour
 + Level 3.3 Dodging
 + Level 10.5 Shields


You had 11 spell levels left.
You didn't know any spells.
Your spell library was empty.

Dungeon Overview and Level Annotations

Branches:
Dungeon (13/15)            Temple (0/1) D:4            Lair (4/5) D:9
  Swamp (0/4) Lair:3       Spider (0/4) Lair:3        Slime (0/5) Lair:4
  Sewer (visited)         Ossuary (visited)         Volcano (visited)
    Orc: D:9-12      Vaults: D:13-14

Altars:
Ashenzari
Elyvilon
Gozag
Hepliaklqana
Kikubaaqudgha
Makhleb
Ru
Trog
Wu Jian
Yredelemnul
The Shining One
Jiyva

Shops:
D:8 :   D:10 :

Annotations:
D:11 3 runed translucent doors, SirLogeyBear's ghost, journeyman HOBe
Lair:4 Josephine; Nessos


Innate Abilities, Weirdness & Mutations

You have a pair of horns on your head.
You reflexively headbutt those who attack you in melee.


Message History

Nessos casts a spell.
Nessos blinks!
Nessos shoots an arrow.
The arrow hits you but does no damage.
You continue taking off your +2 cloak.
You feel extremely sick.
Nessos shoots an arrow.
The arrow completely misses you.
Nessos shoots an arrow.
The arrow hits you but does no damage.
You finish taking off your +2 cloak.
You feel very sick.
Nessos pounds the earth with their hooves.
Nessos shoots an arrow.
The arrow hits you.
* * * LOW HITPOINT WARNING * * *
You are more poisoned.
Nessos shoots an arrow.
The arrow hits you but does no damage.
You feel better.
Nessos intently looks at you, slowly moving their tail.
Nessos casts a spell.
Nessos blinks!
Josephine the Decaying Necromancer comes into view.
She is wielding a +2 vampiric dagger.
The wraith hits you. The wraith drains your vigour!
You feel yourself slow down.
You feel yourself speed up.
Nessos intently looks at you, slowly moving their tail.
Nessos shoots an arrow.
The arrow hits you!
* * * LOW HITPOINT WARNING * * *
The arrow burns you.
You are poisoned.
* * * LOW HITPOINT WARNING * * *
Nessos shoots an arrow.
The arrow hits you.
* * * LOW HITPOINT WARNING * * *
You are more poisoned.
Nessos shoots an arrow.
The arrow hits you.
* * * LOW HITPOINT WARNING * * *
You are more poisoned.
Josephine laughs insanely.
The wraith closely misses you.
A wraith comes into view.
Nessos shoots an arrow.
The arrow hits you!
* * * LOW HITPOINT WARNING * * *
You are more poisoned.
You die...

## ### ##P## # ###.###
###....#P# #.#...#
......... ##..###
####....§.... ##....##
#.#.#........ .....#.#
####....†...@..
......######....@.W.......
#.......##............W...
.##......P............W...
.........>..##.._>......W.
............P#....c.......
#.#.........PP.##........[
######......P..##.........
####.................
##.##..†.........


You could see Nessos (fast), Josephine and 3 wraiths.

Vanquished Creatures
  A stone giant (Volcano)
  5 hydras
  Erica (D:8)
  2 lindwurms
  Pikel (D:7)
  An ugly thing (D:11)
  A black mamba (Lair:2)
  5 elephants (Lair:4)
  Joseph (D:9)
  A gargoyle (Volcano)
  2 cane toads
  Psyche (D:11)
  5 komodo dragons
  An efreet (Volcano)
  A rime drake (Lair:3)
  A troll (D:11)
  A hornet (D:10)
  A tyrant leech (Lair:3)
  6 dream sheep (Lair:3)
  Sigmund (D:5)
  2 shadows
  A wyvern (Lair:2)
  A vampire (D:11)
  Grum (D:8)
  5 basilisks
  2 wraiths (D:11)
  23 yaks
  A steam dragon (D:6)
  Eustachio (D:4)
  A fire elemental (Volcano)
  3 swamp worms (Lair:3)
  8 water moccasins
  Duvessa (D:5)
  2 black bears (D:8)
  3 ogres
  2 orc warriors
  A sky beast (D:7)
  16 wolves
  7 centaurs
  A lemure (D:7)
  A kobold brigand (D:9)
  2 elf zombies (D:5)
  8 bullfrogs
  8 scorpions
  2 earth elementals (Volcano)
  3 gnoll sergeants
  A necrophage (D:4)
  An elf skeleton (D:5)
  Dowan (D:5)
  17 killer bees
  A howler monkey (D:6)
  A human zombie (D:5)
  2 gnoll boudas
  A hound (D:5)
  5 orc priests
  3 jellies
  3 iguanas
  2 human skeletons (D:5)
  11 orc wizards
  A hell rat (Sewer)
  8 mummies (Ossuary)
  17 gnolls
  6 adders
  A river rat (Sewer)
  A shadow imp (D:5)
  A white imp (D:8)
  An ufetubus (D:5)
  2 worms
  3 dart slugs
  34 orcs
  6 ball pythons
  4 endoplasms
  3 giant cockroaches (D:3)
  9 goblins
  7 hobgoblins
  6 jackals
  10 kobolds
  3 quokkas
  10 bats
  3 frilled lizards
  2 gnoll zombies (Ossuary)
  A hobgoblin zombie (Ossuary)
  2 kobold zombies (Ossuary)
  3 orc zombies (Ossuary)
  15 rats
353 creatures vanquished.

Vanquished Creatures (others)
  A fungus (Lair:3)
  4 plants
5 creatures vanquished.

Grand Total: 358 creatures vanquished

Notes
Turn   | Place    | Note
-------+----------+-------------------------------------------
     0 | D:1      | bjubeck the Minotaur Berserker began the quest for the Orb.
     0 | D:1      | Reached XP level 1. HP: 19/19 MP: 0/0
   337 | D:1      | Reached XP level 2. HP: 24/27 MP: 1/1
  1181 | D:2      | Reached XP level 3. HP: 32/33 MP: 2/2
  1206 | D:2      | Reached ** piety under Trog
  1764 | D:3      | Reached XP level 4. HP: 41/41 MP: 3/3
  1873 | D:3      | Found a burning altar of Makhleb.
  1970 | D:3      | Found a faded altar of an unknown god.
  2168 | D:3      | Reached *** piety under Trog
  2229 | D:3      | Found a glowing drain.
  2233 | Sewer    | Entered a sewer
  2349 | Sewer    | Reached skill level 5 in Axes
  2349 | Sewer    | Reached XP level 5. HP: 37/47 MP: 4/4
  2602 | D:4      | Reached skill level 5 in Fighting
  2684 | D:4      | Found a sacrificial altar of Ru.
  2750 | D:4      | Reached XP level 6. HP: 53/56 MP: 5/5
  2858 | D:4      | Found a staircase to the Ecumenical Temple.
  2945 | D:4      | Reached skill level 5 in Armour
  3130 | D:4      | Noticed Eustachio
  3142 | D:4      | Killed Eustachio
  3143 | D:4      | Reached XP level 7. HP: 63/63 MP: 6/6
  3472 | D:5      | Entered Level 5 of the Dungeon
  3815 | D:5      | Found a sand-covered staircase.
  3828 | Ossuary  | Entered an ossuary
  3842 | Ossuary  | Reached **** piety under Trog
  3905 | Ossuary  | Reached XP level 8. HP: 61/73 MP: 7/7
  4223 | D:5      | Noticed Dowan
  4232 | D:5      | Killed Dowan
  4245 | D:5      | Noticed Duvessa
  4255 | D:5      | Killed Duvessa
  4649 | D:5      | Noticed Sigmund
  4664 | D:5      | Killed Sigmund
  6005 | D:6      | Reached XP level 9. HP: 52/83 MP: 8/8
  6373 | D:6      | Found a hazy altar of Hepliaklqana.
  6632 | D:6      | Found a broken altar of Ashenzari.
  7095 | D:7      | Noticed Pikel
  7115 | D:7      | Killed Pikel
  7116 | D:7      | Reached skill level 10 in Fighting
  7116 | D:7      | Reached skill level 10 in Axes
  7281 | D:7      | Found a white marble altar of Elyvilon.
  7341 | D:7      | Found a basalt altar of Yredelemnul.
  7432 | D:7      | Reached skill level 10 in Armour
  7691 | D:8      | Noticed Grum
  7702 | D:7      | Reached XP level 10. HP: 94/94 MP: 9/9
  7756 | D:8      | Found Teiwn's Book Shoppe.
  7776 | D:8      | Killed Grum
  7999 | D:8      | Reached ***** piety under Trog
  8023 | D:8      | Found a glowing golden altar of the Shining One.
  8029 | D:8      | Noticed Erica
  8044 | D:8      | Killed Erica
  8327 | D:8      | Found a bloodstained altar of Trog.
  8463 | D:8      | Found an ancient bone altar of Kikubaaqudgha.
  8517 | D:9      | Identified the +3 falchion of Dissatisfaction {holy, rN+
                  | Str+2}
  8532 | D:9      | Identified the +9 scimitar of the Hierophant {venom, Will++
                  | MP+9 Int+7}
  8556 | D:9      | Reached skill level 1 in Long Blades
  8587 | D:9      | Reached skill level 2 in Long Blades
  8686 | D:9      | Found a staircase to the Lair.
  8732 | D:9      | Noticed Joseph
  8749 | D:9      | Killed Joseph
  8750 | D:9      | Reached skill level 4 in Long Blades
  9136 | D:10     | Entered Level 10 of the Dungeon
  9173 | D:10     | Found Jeyn's Book Emporium.
  9194 | D:10     | Reached skill level 5 in Long Blades
  9195 | D:10     | Reached XP level 11. HP: 104/104 MP: 10/10
  9247 | D:10     | Reached skill level 6 in Long Blades
  9326 | D:10     | Found an ornate altar of the Wu Jian Council.
  9508 | D:10     | Reached skill level 7 in Long Blades
  9529 | D:10     | Found an opulent altar of Gozag.
  9674 | D:11     | Received a gift from Trog
  9782 | D:11     | Noticed a four-headed hydra
  9800 | D:11     | Killed a one-headed hydra
  9801 | D:11     | Reached skill level 8 in Long Blades
  9925 | D:11     | Reached skill level 9 in Long Blades
 10035 | D:11     | Noticed a brown ugly thing
 10042 | D:11     | Killed a brown ugly thing
 10087 | D:11     | Found a runed translucent gate.
 10087 | D:11     | Found a runed translucent gate.
 10204 | D:11     | Found a runed translucent gate.
 10206 | D:11     | Noticed SirLogeyBear's ghost (journeyman HOBe)
 10333 | D:11     | Reached skill level 1 in Shields
 10473 | D:11     | Noticed Psyche
 10477 | D:11     | Killed Psyche
 10478 | D:11     | Reached skill level 10 in Long Blades
 10576 | D:11     | You fall into a shaft and drop 2 floors!
 10728 | Lair:1   | Entered Level 1 of the Lair of Beasts
 10738 | Lair:1   | Noticed a four-headed hydra
 10744 | Lair:1   | Killed a one-headed hydra
 11047 | Lair:1   | Reached skill level 11 in Long Blades
 12177 | Lair:2   | Noticed a lindwurm
 12178 | Lair:2   | Found a dark tunnel.
 12219 | Lair:2   | Killed a lindwurm
 12220 | Lair:2   | Reached skill level 12 in Long Blades
 12220 | Lair:2   | Reached skill level 5 in Shields
 12220 | Lair:2   | Reached XP level 12. HP: 89/112 MP: 11/11
 12243 | Volcano  | Entered a volcano
 12388 | Volcano  | Noticed a stone giant
 12405 | Volcano  | Killed a stone giant
 12453 | Volcano  | Identified the +2 hat of Pathos {Stlth+}
 12857 | Lair:3   | Reached skill level 13 in Long Blades
 13269 | Lair:3   | Noticed a seven-headed hydra
 13278 | Lair:3   | Killed a three-headed hydra
 13279 | Lair:3   | Reached skill level 14 in Long Blades
 13327 | Lair:3   | Noticed a five-headed hydra
 13340 | Lair:3   | Killed a one-headed hydra
 13444 | Lair:3   | Found a hole to the Spider Nest.
 13670 | Lair:3   | Noticed a six-headed hydra
 13683 | Lair:3   | Killed a one-headed hydra
 13684 | Lair:3   | Reached skill level 10 in Shields
 13749 | Lair:3   | Found a staircase to the Swamp.
 13996 | Lair:3   | Identified the +3 whip "Lieriow" {drain, rElec rC- Dex+3}
 14313 | Lair:4   | Found a viscous altar of Jiyva.
 14313 | Lair:4   | Found a staircase to the Slime Pits.
 14315 | Lair:4   | Identified the +8 scimitar of Nightmares {vorpal, *Noise
                  | rN+ Stlth+} (Trog gifted it to you on level 4 of the Lair
                  | of Beasts)
 14315 | Lair:4   | Received a gift from Trog
 14334 | Lair:4   | Noticed Nessos
 14343 | Lair:4   | Noticed Josephine
 14344 | Lair:4   | HP: 4/112 [Nessos/arrow (12)]
 14345 | Lair:4   | Succumbed to Nessos's poison

Illustrated notes

Levels and vault maps discovered:
D:1:      matt_arrival_refuge, layout_basic, hex_large, corexii_corridor_pit
D:2:      layout_loops_cross, fountainhead
D:3:      layout_basic, mainiacjoe_overflow_boulevard,
          dreamdust_ecumenical_altar_statues, gup_sewer_entry_spiral
D:4:      layout_gridville, mainiacjoe_overflow_paths,
          minmay_temple_entry_offerings, uniq_eustachio
D:5:      layout_loops_ring, nicolae_ossuary_entry_catacombs, uniq_duvessa,
          uniq_sigmund
D:6:      layout_basic, general_overflow_altar, ashenzari_conservatory_becter
D:7:      layout_gridville, kennysheep_ying_yang, uniq_pikel
D:8:      layout_cave_pools, trog_ov_bears_minmay, mainiacjoe_overflow_swirl,
          serial_shops, nicolae_stop_n_shop_2, uniq_erica, uniq_grum
D:9:      layout_rooms, lair_entry_dummy, hangedman_abyss_or_decor_stagger,
          uniq_joseph
D:10:     layout_rooms, overflow_temple_1_default, marbit_many_paths,
          serial_shops, shop
D:11:     layout_irregular_city, gammafunk_ghost_necromancy, uniq_psyche
D:12:     layout_irregular_city, zombieorc1_lemuel,
          nicolae_qazlal_style_of_elements
D:13:     layout_basic, david_vaults_3, serial_shops, shop,
          chequers_hall_statues_wall_a
Lair:1:   layout_cave_pods, serial_bayou_ford_a, beast_lair_carwin_10
Lair:2:   layout_loops_ring, nicolae_volcano_entry_vermiform,
          grunt_forest_small_clearing_treed, lemuel_fruit_tree
Lair:3:   layout_regular_city, palyth_hydra_swamp_entry, dummy_spider_entry,
          grunt_megastairs_5
Lair:4:   layout_cave_pods, slime_entry_1, uniq_josephine, uniq_nessos

Skill      XL: |  1  2  3  4  5  6  7  8  9 10 11 12 |
---------------+-------------------------------------+-----
Axes           | 4 5 6 7 9 10 11 | 11.9
Fighting       | 4 5 6 7 9 10 11 12 | 12.1
Armour         | 3 4 5 6 8 10 11 | 11.5
Long Blades    | 5 12 14 | 14.0
Shields        | 5 10 | 10.5
Dodging        | 3 |  3.3

Action                   |  1- 3 |  4- 6 |  7- 9 | 10-12 || total
-------------------------+-------+-------+-------+-------++-------
Melee: Hand axe          |    82 |   132 |   284 |   136 ||   634
       Headbutt          |    15 |    14 |    63 |   108 ||   200
       Punch             |       |       |     5 |     2 ||     7
       Scimitar          |       |       |       |   442 ||   442
       Unarmed           |       |       |       |     5 ||     5
Throw: Dart              |       |     4 |    22 |    88 ||   114
Invok: Berserk           |       |     1 |     6 |     4 ||    11
  Use: Scroll            |       |       |       |    14 ||    14
       Potion            |       |       |       |     3 ||     3
Armor: Ring mail         |    40 |    52 |    38 |       ||   130
       Plate armour      |       |       |   105 |   347 ||   452
Dodge: Dodged            |    52 |    56 |   103 |   336 ||   547
Block: Buckler           |       |       |       |    58 ||    58
